 Dungeon Crawl Stone Soup version 0.20.0-15-g7f486f2 (webtiles) character file.

8358 maniacrov the Cleaver (level 11, -3/95 HPs)
             Began as a Minotaur Fighter on June 12, 2017.
             Was a Believer of Trog.
             Slain by a 19-headed hydra (10 damage)
             ... on level 9 of the Dungeon on June 13, 2017.
             The game lasted 00:46:47 (7836 turns).

maniacrov the Cleaver (Minotaur Fighter)            Turns: 7836, Time: 00:46:48

Health: -3/95      AC: 19    Str: 26    XL:     11   Next: 8%
Magic:  10/10      EV:  7    Int: 10    God:    Trog [**....]
Gold:   196        SH: 12    Dex:  8    Spells: 10/10 levels left

rFire    . . .     SeeInvis .   g - +1 hand axe (freeze)
rCold    . . .     Gourm    .   c - +0 shield
rNeg     . . .     Faith    .   D - +0 plate armour
rPois    +         Spirit   .   (helmet unavailable)
rElec    .         Reflect  .   (no cloak)
rCorr    .         Harm     .   b - +2 pair of gloves
MR       .....     Clarity  +   (no boots)
Stlth    ..........             (no amulet)
Regen    0.7/turn               i - ring of poison resistance
MPRegen  0.2/turn               d - +5 ring of intelligence

@: no status effects
A: retaliatory headbutt, horns 3, yellow scales 1, clarity, clumsy 1,
regeneration 1, strong 1
a: Berserk, Trog's Hand, Burn Spellbooks, Renounce Religion


You were on level 9 of the Dungeon.
You worshipped Trog.
Trog was pleased with you.
You were not hungry.

You visited 2 branches of the dungeon, and saw 10 of its levels.
You also visited: Ossuary.

You collected 488 gold pieces.
You spent 292 gold pieces at shops.

Inventory:

Hand Weapons
 a - a +1 war axe
 g - a +1 hand axe of freezing (weapon)
 o - a +0 mace of holy wrath
 N - a +0 hand axe of flaming
Armour
 b - a +2 pair of gloves (worn)
 c - a +0 shield (worn)
 D - a +0 plate armour (worn)
 E - a +1 ring mail of cold resistance
 J - the +4 cloak "Yxota" {*Slow rElec rPois rF-}
   (You found it on level 6 of the Dungeon)

   It makes you vulnerable to fire.
   It insulates you from electricity.
   It protects you from poison.
   It may slow you when you take damage.
Jewellery
 d - a +5 ring of intelligence (right hand)
 h - an uncursed amulet of faith
 i - a ring of poison resistance (left hand)
 m - an uncursed ring of flight
Wands
 k - a wand of iceblast (9/15)
 l - a wand of disintegration (17/24)
 n - a wand of polymorph (8/24)
 s - a wand of scattershot (5/9)
 y - a wand of enslavement (14/24)
 A - a wand of iceblast (5/15)
 L - a wand of enslavement (7/24)
Scrolls
 j - 3 scrolls of teleportation
 p - 4 scrolls of identify
 q - a scroll of magic mapping
 u - a scroll of recharging
 v - 4 scrolls of amnesia
 w - a scroll of enchant armour
 x - a scroll of remove curse
 z - 3 scrolls of enchant weapon
 I - a scroll of random uselessness
Potions
 e - 3 potions of curing
 r - 2 potions of mutation
 t - a potion of invisibility {unknown}
 C - a potion of flight
 G - a potion of ambrosia {unknown}
Comestibles
 f - 3 bread rations
 H - 2 meat rations
 K - 16 fruits
 M - 6 royal jellies


   Skills:
 + Level 8.8 Fighting
 + Level 13.2 Axes
 + Level 9.4 Armour
 + Level 3.2 Dodging
 + Level 0.5 Stealth
 + Level 10.0 Shields
 + Level 0.1 Evocations


You had 10 spell levels left.
You didn't know any spells.

Dungeon Overview and Level Annotations

Branches:
Dungeon (9/15)             Temple (1/1) D:7             Orc (0/2) D:9
   Lair: D:8-11

Altars:
Ashenzari
Cheibriados
Dithmenos
Elyvilon
Fedhas
Gozag
Hepliaklqana
Kikubaaqudgha
Makhleb
Nemelex Xobeh
Okawaru
Qazlal
Ru
Sif Muna
Trog
Uskayaw
Vehumet
Xom
Yredelemnul
Zin
The Shining One
Beogh

Shops:
D:4 !   D:6 %   D:7 !


Innate Abilities, Weirdness & Mutations

You reflexively headbutt those who attack you in melee.
You have a pair of large horns on your head.
You are partially covered in yellow scales. (AC +2)
You possess an exceptional clarity of mind.
You are clumsy. (Dex -2)
Your natural rate of healing is unusually fast.
Your muscles are strong. (Str +2)


Message History

The 18-headed hydra bites you but does no damage.
The 18-headed hydra bites you.
* * * LOW HITPOINT WARNING * * *
The 18-headed hydra bites you but does no damage.
You see here a stone.
You lop one of the 18-headed hydra's heads off!
The 17-headed hydra grows two more!
You hit the 19-headed hydra.
The 19-headed hydra seems to slow down.
You freeze the 19-headed hydra.
The 19-headed hydra is lightly wounded.
The 19-headed hydra completely misses you.
You block the 19-headed hydra's attack.
The 19-headed hydra bites you but does no damage. x2
The 19-headed hydra bites you.
* * * LOW HITPOINT WARNING * * *
The 19-headed hydra bites you but does no damage.
You block the 19-headed hydra's attack. x3
The 19-headed hydra barely misses you. x2
The 19-headed hydra bites you but does no damage. x2
The 19-headed hydra bites you!
You die...

.........#
########.[)#
........##
#.......).####
.........#
#.#######....#
......##########.#
#........
......#.)+.P≈PP#.#
#........
......#).#≈≈≈≈P#.#
#>.......
....(.#'##P≈P.≈#.#
#.......>
......#..#.....#.#
#........
#.....#..'....≈D@#
#........
#######..'..P..###
#########
#..'....≈#
#..#.....#
##########


You could see a 19-headed hydra.

Vanquished Creatures
  A centaur warrior (D:8)
  2 two-headed ogres (D:8)
  The ghost of monokles the Basher, a novice DsFi of Cheibriados (D:7)
  The ghost of AltWight the Chopper, a novice FoFi of Makhleb (D:6)
  2 dream sheep (D:9)
  Eustachio (D:4)
  2 yaks (D:9)
  A hungry ghost (D:8)
  Menkaure (Ossuary)
  Duvessa (D:6)
  4 orc warriors
  2 phantoms
  An ice beast (D:7)
  A black bear (D:7)
  2 sky beasts
  6 ogres
  2 centaurs (D:6)
  6 big kobolds
  4 bullfrogs
  3 scorpions
  Dowan (D:6)
  A wyvern skeleton (D:8)
  A troll zombie (Ossuary)
  A howler monkey (D:4)
  A bullfrog zombie (D:5)
  5 centaur zombies
  3 crimson imps
  3 hounds
  12 orc priests
  3 jellies
  12 orc wizards
  A centaur skeleton (D:7)
  3 iguanas
  4 worker ants
  A big kobold zombie (Ossuary)
  A hound skeleton (D:5)
  7 mummies
  2 worker ant zombies
  6 adders
  An ooze (D:7)
  5 adder zombies
  3 adder skeletons
  3 worms
  3 dart slugs
  7 leopard geckos
  61 orcs
  8 giant cockroaches
  6 goblins
  7 hobgoblins
  14 jackals
  3 quokkas
  A ball python (D:5)
  8 bats
  7 frilled lizards
  A giant cockroach zombie (D:4)
  4 goblin zombies (Ossuary)
  3 hobgoblin zombies (Ossuary)
  2 jackal skeletons
  24 kobolds
  5 kobold zombies (Ossuary)
  A leopard gecko zombie (D:6)
  2 orc zombies (Ossuary)
  4 quokka zombies
  11 rats
  3 rat zombies (Ossuary)
  2 bushes (D:6)
  3 plants (D:6)
  A withered plant (D:4)
315 creatures vanquished.

Notes
Turn   | Place    | Note
-------+----------+-------------------------------------------
     0 | D:1      | maniacrov the Minotaur Fighter began the quest for the Orb.
     0 | D:1      | Reached XP level 1. HP: 19/19 MP: 0/0
   195 | D:1      | Reached XP level 2. HP: 24/27 MP: 1/1
   707 | D:2      | Reached skill level 3 in Axes
   707 | D:2      | Reached XP level 3. HP: 29/33 MP: 2/2
  1122 | D:2      | Found a deep blue altar of Sif Muna.
  1198 | D:2      | Reached XP level 4. HP: 39/40 MP: 3/3
  1472 | D:3      | Found a white marble altar of Elyvilon.
  1696 | D:3      | Reached skill level 4 in Axes
  2123 | D:3      | Reached XP level 5. HP: 47/47 MP: 4/4
  2125 | D:3      | Reached skill level 5 in Axes
  2244 | D:4      | Noticed Eustachio
  2293 | D:4      | Reached XP level 6. HP: 23/53 MP: 5/5
  2406 | D:4      | Killed Eustachio
  2406 | D:4      | Reached skill level 6 in Axes
  2406 | D:4      | Reached skill level 1 in Dodging
  2406 | D:4      | Reached skill level 5 in Shields
  2484 | D:4      | Found Duituxt's Distillery.
  2513 | D:4      | Found a sand-covered staircase.
  2519 | D:4      | Reached skill level 5 in Fighting
  2523 | Ossuary  | Entered an ossuary
  2654 | Ossuary  | Reached XP level 7. HP: 61/61 MP: 6/6
  2974 | Ossuary  | Reached skill level 7 in Axes
  3112 | Ossuary  | Noticed Menkaure
  3122 | Ossuary  | Killed Menkaure
  3122 | Ossuary  | Reached skill level 5 in Armour
  3233 | D:4      | Reached skill level 8 in Axes
  3237 | D:4      | Bought a potion of heal wounds for 70 gold pieces
  3237 | D:4      | Bought a potion of heal wounds for 70 gold pieces
  3237 | D:4      | Bought a potion of flight for 42 gold pieces
  3243 | D:4      | Gained mutation: You possess an exceptional clarity of mind. [potion of mutation]
  3243 | D:4      | Gained mutation: You are partially covered in yellow scales. (AC +2) [potion of mutation]
  3243 | D:4      | Gained mutation: Your natural rate of healing is unusually fast. [potion of mutation]
  3243 | D:4      | Gained mutation: Your muscles are strong. (Str +2) [potion of mutation]
  3310 | D:4      | Reached XP level 8. HP: 68/69 MP: 7/7
  3393 | D:4      | Identified the Reference Book on Vitriolic Aid
  3427 | D:4      | Found a hazy altar of Hepliaklqana.
  3575 | D:5      | Entered Level 5 of the Dungeon
  3724 | D:5      | Found a runed door.
  3789 | D:5      | Reached skill level 9 in Axes
  3834 | D:5      | Found a roughly hewn altar of Beogh.
  3928 | D:5      | Found a transporter.
  3934 | D:5      | Found a transporter.
  3947 | D:5      | Found a snail-covered altar of Cheibriados.
  4264 | D:5      | Reached skill level 10 in Axes
  4384 | D:5      | Found a sacrificial altar of Ru.
  4387 | D:5      | Found a shimmering altar of Xom.
  4390 | D:5      | Found a glowing silver altar of Zin.
  4675 | D:5      | Reached XP level 9. HP: 75/78 MP: 8/8
  4880 | D:6      | Found Bela's Food Emporium.
  4928 | D:6      | Bought a meat ration for 55 gold pieces
  4928 | D:6      | Bought a meat ration for 55 gold pieces
  4937 | D:6      | Noticed AltWight's ghost (novice FoFi)
  4960 | D:6      | Killed AltWight's ghost
  5238 | D:6      | Noticed Dowan
  5264 | D:6      | Killed Dowan
  5266 | D:6      | Noticed Duvessa
  5277 | D:6      | Killed Duvessa
  5277 | D:6      | Reached skill level 11 in Axes
  5467 | D:6      | Got a smoking cloak
  5632 | D:7      | Gained mutation: You are clumsy. (Dex -2) [mutagenic meat]
  5636 | D:7      | Gained mutation: You have a pair of large horns on your head. [mutagenic meat]
  5646 | D:7      | Noticed monokles's ghost (novice DsFi)
  5671 | D:7      | Killed monokles's ghost
  5682 | D:7      | Reached XP level 10. HP: 74/86 MP: 9/9
  5686 | D:7      | Found Ymekater's Distillery.
  5689 | D:7      | Found a staircase to the Ecumenical Temple.
  5804 | Temple   | Entered the Ecumenical Temple
  5846 | Temple   | Became a worshipper of Trog the Wrathful
  6157 | D:7      | Identified the +4 cloak "Yxota" {*Slow rElec rPois rF-} (You found it on level 6 of the Dungeon)
  6169 | D:8      | Noticed a centaur warrior
  6181 | D:8      | Reached skill level 12 in Axes
  6182 | D:8      | Killed a centaur warrior
  6230 | D:8      | Found an ancient bone altar of Kikubaaqudgha.
  6774 | D:8      | Noticed a two-headed ogre
  6784 | D:8      | Killed a two-headed ogre
  6784 | D:8      | Reached * piety under Trog
  7261 | D:8      | Noticed a two-headed ogre
  7266 | D:8      | Killed a two-headed ogre
  7273 | D:8      | Reached skill level 13 in Axes
  7624 | D:9      | Found a staircase to the Orcish Mines.
  7639 | D:9      | Found a roughly hewn altar of Beogh.
  7736 | D:9      | Reached ** piety under Trog
  7736 | D:9      | Reached XP level 11. HP: 95/95 MP: 10/10
  7758 | D:9      | Reached skill level 10 in Shields
  7792 | D:9      | Noticed a three-headed hydra
  7836 | D:9      | Slain by a 19-headed hydra

Skill      XL: |  1  2  3  4  5  6  7  8  9 10 11 |
---------------+----------------------------------+-----
Armour         | 4 5 6 7 9 |  9.4
Fighting       | 4 5 6 7 8 |  8.8
Axes           | 3 4 5 6 8 10 11 13 | 13.2
Shields        | 4 5 6 8 9 10 | 10.0
Dodging        | 1 2 3 |  3.2
Stealth        | |  0.5
Evocations     | |  0.1

Action                   |  1- 3 |  4- 6 |  7- 9 | 10-12 || total
-------------------------+-------+-------+-------+-------++-------
Melee: War axe           |   104 |   168 |   210 |       ||   482
       Headbutt          |    12 |    31 |   119 |    47 ||   209
       Hand axe          |       |       |   232 |   270 ||   502
Invok: Burn Spellbooks   |       |       |       |     3 ||     3
Evoke: Wand              |       |       |     1 |       ||     1
  Use: Scroll            |     6 |     5 |    11 |     3 ||    25
       Potion            |       |     2 |    11 |     5 ||    18
  Eat: Bread ration      |     1 |       |     2 |       ||     3
       Fruit             |       |     2 |       |     3 ||     5
       Royal jelly       |       |       |     1 |       ||     1
       Chunk             |       |       |     3 |       ||     3
       Meat ration       |       |       |       |     2 ||     2
Armor: Scale mail        |    13 |       |       |       ||    13
       Chain mail        |    77 |   107 |    56 |       ||   240
       Skin              |       |    21 |       |       ||    21
       Plate armour      |       |       |    75 |   147 ||   222
Dodge: Dodged            |    27 |    39 |    63 |    78 ||   207
Block: Shield            |    65 |   106 |   162 |   141 ||   474
